[ AOE2 MATCH · #495825259 ]
UnrankedHindustanis vs Tupi
[ REPLAY ANALYSIS · EXTRACTED FROM THE RECORDED GAME ]
Feudal
8:51
Castle
29:23
Imperial
40:25
| APM avg | 60.0 |
| APM peak | 101 |
| eAPM avg | 28.1 |
| Villagers / military | 122 / 61 |
Focus
⚔️ 33.6% · 🌾 66.4%
Archer ×25 · Scout Cavalry ×17 · Ghulam ×12 · Trebuchet (Packed) ×3 · Skirmisher ×2 · Mangonel ×1
Feudal
11:20
Castle
15:33
Imperial
40:50
| APM avg | 50.2 |
| APM peak | 80 |
| eAPM avg | 23.1 |
| Villagers / military | 144 / 11 |
Focus
⚔️ 32.5% · 🌾 67.5%
Unknown (2579) ×38 · Monk ×5 · Mangonel ×2 · Battering Ram ×2 · Trebuchet (Packed) ×2
Match map
Initial resources + every placement click. Lines = walls · curves = elevation contours. ◆ gold · ⬟ stone · ● berries · ✦ relic · ◌ wall gap
Your base· Open — 3t gap
ugu's base· Open — unwalled flank
Smoothed initial terrain · ◌ = detected wall gap · hover for details
Inputs per minute
— DS_Tortafuller - - ugu
Build order — DS_Tortafuller
First 150 of 357 actions detected
| 0:00 | Create | Villager (Male) |
| 0:01 | Create | Villager (Male) |
| 0:01 | Create | Villager (Male) |
| 0:01 | Create | Villager (Male) |
| 0:02 | Build | House |
| 0:04 | Build | House |
| 1:08 | Create | Villager (Male) |
| 1:45 | Create | Villager (Male) |
| 2:09 | Create | Villager (Male) |
| 2:44 | Build | Lumber Camp |
| 2:54 | Create | Villager (Male) |
| 2:54 | Create | Villager (Male) |
| 2:54 | Create | Villager (Male) |
| 2:55 | Create | Villager (Male) |
| 3:42 | Create | Villager (Male) |
| 3:50 | Build | House |
| 3:57 | Create | Villager (Male) |
| 4:15 | Create | Villager (Male) |
| 4:22 | Build | House |
| 4:34 | Create | Villager (Male) |
| 5:02 | Build | Mill |
| 5:23 | Create | Villager (Male) |
| 5:27 | Create | Villager (Male) |
| 5:42 | Research | Loom |
| 6:34 | Research | Feudal Age |
| 7:33 | Create | Villager (Male) |
| 8:04 | Build | Barracks |
| 8:14 | Build | House |
| 8:17 | Create | Villager (Male) |
| 8:51 | Age | Feudal Age |
| 9:18 | Build | Stable |
| 9:21 | Create | Villager (Male) |
| 9:29 | Research | Double-Bit Axe |
| 9:30 | Create | Spearman |
| 9:38 | Create | Villager (Male) |
| 9:52 | Build | Mining Camp |
| 10:00 | Create | Villager (Male) |
| 10:15 | Create | Scout Cavalry |
| 10:15 | Create | Scout Cavalry |
| 10:15 | Create | Scout Cavalry |
| 10:30 | Build | House |
| 10:43 | Build | Palisade Wall |
| 10:44 | Build | Palisade Wall |
| 11:19 | Build | Watch Tower |
| 11:23 | Build | House |
| 11:33 | Build | House |
| 11:45 | Create | Villager (Male) |
| 11:52 | Build | Palisade Wall |
| 11:59 | Build | Mining Camp |
| 12:00 | Build | House |
| 12:08 | Create | Villager (Male) |
| 12:12 | Create | Scout Cavalry |
| 12:18 | Build | Archery Range |
| 12:48 | Create | Archer |
| 12:54 | Build | House |
| 13:06 | Build | Palisade Wall |
| 13:32 | Create | Villager (Male) |
| 13:59 | Create | Villager (Male) |
| 13:59 | Create | Villager (Male) |
| 14:06 | Build | Watch Tower |
| 14:07 | Create | Archer |
| 14:08 | Create | Archer |
| 14:15 | Build | House |
| 14:19 | Build | House |
| 14:20 | Build | House |
| 14:36 | Create | Villager (Male) |
| 15:12 | Create | Archer |
| 15:12 | Create | Archer |
| 15:20 | Build | Palisade Wall |
| 15:21 | Build | Palisade Wall |
| 15:21 | Build | Palisade Wall |
| 15:22 | Build | Palisade Wall |
| 15:23 | Build | Palisade Wall |
| 15:28 | Create | Villager (Male) |
| 15:33 | Build | Outpost |
| 15:34 | Create | Villager (Male) |
| 15:47 | Build | Palisade Wall |
| 15:54 | Build | Stone Wall |
| 16:05 | Create | Archer |
| 16:17 | Build | Palisade Wall |
| 16:38 | Create | Villager (Male) |
| 16:58 | Build | Watch Tower |
| 17:04 | Build | Watch Tower |
| 17:11 | Build | Blacksmith |
| 17:12 | Create | Villager (Male) |
| 17:17 | Build | Farm |
| 17:18 | Build | Farm |
| 17:18 | Build | Farm |
| 17:18 | Build | Farm |
| 17:18 | Build | Farm |
| 17:30 | Create | Archer |
| 17:38 | Create | Villager (Male) |
| 17:49 | Build | Stone Wall |
| 17:50 | Create | Villager (Male) |
| 18:06 | Build | Stone Wall |
| 18:08 | Build | Stone Wall |
| 18:08 | Build | Stone Wall |
| 18:08 | Build | Stone Wall |
| 18:15 | Create | Skirmisher |
| 18:16 | Create | Skirmisher |
| 18:43 | Build | Farm |
| 18:51 | Create | Villager (Male) |
| 19:15 | Create | Archer |
| 19:17 | Create | Archer |
| 19:18 | Create | Villager (Male) |
| 19:28 | Build | Palisade Wall |
| 19:29 | Create | Villager (Male) |
| 19:32 | Build | House |
| 19:33 | Create | Villager (Male) |
| 19:34 | Build | House |
| 19:37 | Build | House |
| 19:48 | Create | Scout Cavalry |
| 19:51 | Create | Archer |
| 20:04 | Build | Watch Tower |
| 20:13 | Build | Farm |
| 20:14 | Build | Farm |
| 20:14 | Build | Farm |
| 20:14 | Build | Farm |
| 20:20 | Create | Villager (Male) |
| 20:25 | Build | Palisade Wall |
| 20:40 | Create | Archer |
| 20:40 | Create | Archer |
| 20:43 | Create | Villager (Male) |
| 20:52 | Build | Market |
| 21:05 | Create | Archer |
| 21:23 | Build | Watch Tower |
| 21:27 | Create | Scout Cavalry |
| 21:36 | Create | Archer |
| 21:52 | Create | Villager (Male) |
| 21:53 | Create | Villager (Male) |
| 22:03 | Build | House |
| 22:11 | Build | Palisade Wall |
| 22:12 | Create | Villager (Male) |
| 22:13 | Build | House |
| 22:16 | Create | Archer |
| 22:25 | Create | Archer |
| 22:34 | Build | Watch Tower |
| 22:40 | Create | Scout Cavalry |
| 22:44 | Build | House |
| 22:50 | Create | Villager (Male) |
| 23:06 | Research | Fletching |
| 23:11 | Create | Villager (Male) |
| 23:14 | Create | Villager (Male) |
| 23:26 | Build | Watch Tower |
| 23:34 | Create | Archer |
| 23:51 | Build | Farm |
| 24:01 | Create | Villager (Male) |
| 24:04 | Create | Archer |
| 24:04 | Create | Archer |
| 24:19 | Build | Farm |
Build order — ugu
First 150 of 296 actions detected
| 0:00 | Create | Villager (Male) |
| 0:01 | Create | Villager (Male) |
| 0:03 | Build | House |
| 0:05 | Build | House |
| 0:09 | Create | Villager (Male) |
| 0:10 | Create | Villager (Male) |
| 1:02 | Create | Villager (Male) |
| 1:34 | Create | Villager (Male) |
| 1:54 | Create | Villager (Male) |
| 2:17 | Build | Settlement |
| 2:21 | Create | Villager (Male) |
| 3:06 | Create | Villager (Male) |
| 3:30 | Create | Villager (Male) |
| 3:50 | Create | Villager (Male) |
| 4:05 | Create | Villager (Male) |
| 4:32 | Create | Villager (Male) |
| 5:15 | Create | Villager (Male) |
| 5:17 | Build | Settlement |
| 5:21 | Create | Villager (Male) |
| 5:39 | Create | Villager (Male) |
| 6:09 | Create | Villager (Male) |
| 6:20 | Create | Villager (Male) |
| 6:51 | Create | Villager (Male) |
| 7:22 | Create | Villager (Male) |
| 7:25 | Build | House |
| 7:44 | Create | Villager (Male) |
| 7:46 | Research | Loom |
| 8:16 | Research | Feudal Age |
| 8:22 | Build | Farm |
| 9:17 | Create | Villager (Male) |
| 9:18 | Create | Villager (Male) |
| 9:26 | Build | Farm |
| 10:10 | Build | Farm |
| 11:02 | Build | Farm |
| 11:20 | Age | Feudal Age |
| 11:22 | Build | Market |
| 11:24 | Build | Blacksmith |
| 11:38 | Build | Blacksmith |
| 11:42 | Build | Market |
| 12:53 | Research | Castle Age |
| 13:56 | Build | Settlement |
| 14:09 | Create | Villager (Male) |
| 14:09 | Create | Villager (Male) |
| 14:23 | Research | Double-Bit Axe |
| 15:33 | Age | Castle Age |
| 15:54 | Build | Castle |
| 16:06 | Create | Villager (Male) |
| 16:31 | Create | Unit 2579 |
| 17:19 | Create | Villager (Male) |
| 17:25 | Build | Settlement |
| 17:39 | Create | Villager (Male) |
| 17:48 | Create | Unit 2579 |
| 17:58 | Create | Unit 2579 |
| 18:21 | Build | Farm |
| 18:29 | Create | Villager (Male) |
| 18:47 | Build | Farm |
| 18:49 | Build | Farm |
| 19:10 | Create | Villager (Male) |
| 19:56 | Create | Villager (Male) |
| 20:15 | Create | Unit 2579 |
| 20:16 | Create | Unit 2579 |
| 20:21 | Create | Villager (Male) |
| 20:36 | Build | Watch Tower |
| 20:46 | Create | Villager (Male) |
| 21:23 | Build | Farm |
| 21:24 | Build | Farm |
| 21:29 | Create | Villager (Male) |
| 21:51 | Create | Villager (Male) |
| 22:03 | Create | Villager (Male) |
| 22:16 | Build | Farm |
| 22:35 | Create | Unit 2579 |
| 22:48 | Research | Fletching |
| 22:53 | Build | Farm |
| 22:54 | Create | Villager (Male) |
| 22:58 | Create | Villager (Male) |
| 23:23 | Build | Town Center |
| 23:31 | Create | Villager (Male) |
| 23:57 | Create | Villager (Male) |
| 23:58 | Create | Villager (Male) |
| 23:59 | Create | Villager (Male) |
| 23:59 | Create | Villager (Male) |
| 24:05 | Build | Settlement |
| 24:32 | Create | Villager (Male) |
| 24:36 | Build | House |
| 24:48 | Build | Siege Workshop |
| 24:55 | Create | Villager (Male) |
| 25:06 | Research | Bodkin Arrow |
| 25:29 | Build | House |
| 25:33 | Create | Villager (Male) |
| 25:34 | Create | Villager (Male) |
| 25:44 | Create | Battering Ram |
| 25:52 | Build | Settlement |
| 26:18 | Create | Unit 2579 |
| 26:19 | Create | Unit 2579 |
| 26:19 | Create | Unit 2579 |
| 26:19 | Create | Unit 2579 |
| 26:26 | Create | Villager (Male) |
| 26:26 | Create | Villager (Male) |
| 26:26 | Create | Villager (Male) |
| 27:20 | Create | Unit 2579 |
| 27:20 | Create | Unit 2579 |
| 27:36 | Build | Farm |
| 27:37 | Build | Farm |
| 27:39 | Create | Villager (Male) |
| 27:39 | Create | Villager (Male) |
| 27:40 | Create | Villager (Male) |
| 27:50 | Build | Farm |
| 27:51 | Build | Farm |
| 27:52 | Build | Farm |
| 27:53 | Create | Villager (Male) |
| 28:16 | Create | Battering Ram |
| 28:55 | Build | Settlement |
| 29:05 | Build | Settlement |
| 29:16 | Create | Unit 2579 |
| 29:16 | Create | Unit 2579 |
| 29:17 | Create | Unit 2579 |
| 29:39 | Create | Villager (Male) |
| 29:40 | Create | Villager (Male) |
| 29:41 | Create | Villager (Male) |
| 29:41 | Create | Villager (Male) |
| 29:44 | Create | Villager (Male) |
| 29:44 | Create | Villager (Male) |
| 29:45 | Create | Villager (Male) |
| 29:46 | Create | Villager (Male) |
| 30:18 | Build | Monastery |
| 30:21 | Create | Villager (Male) |
| 30:22 | Create | Villager (Male) |
| 30:29 | Create | Villager (Male) |
| 30:30 | Create | Villager (Male) |
| 30:37 | Create | Unit 2579 |
| 30:37 | Create | Unit 2579 |
| 30:41 | Build | Farm |
| 30:42 | Build | Farm |
| 30:44 | Create | Villager (Male) |
| 31:00 | Build | Farm |
| 31:02 | Create | Villager (Male) |
| 31:02 | Create | Villager (Male) |
| 31:07 | Build | House |
| 31:22 | Research | Bow Saw |
| 31:22 | Research | Horse Collar |
| 31:28 | Build | Farm |
| 31:32 | Create | Monk |
| 31:46 | Build | House |
| 31:47 | Build | House |
| 31:49 | Build | Farm |
| 31:52 | Research | Wheelbarrow |
| 31:57 | Create | Unit 2579 |
| 31:59 | Create | Unit 2579 |
| 32:09 | Create | Villager (Male) |
| 32:10 | Create | Villager (Male) |
Match timeline
| 8:04 | DS_Tortafuller · first_building Barracks |
| 8:51 | DS_Tortafuller · age_up feudal |
| 9:18 | DS_Tortafuller · first_building Stable |
| 10:43 | DS_Tortafuller · wall_segment Palisade Wall x1 |
| 10:44 | DS_Tortafuller · wall_segment Palisade Wall x1 |
| 11:20 | ugu · age_up feudal |
| 11:52 | DS_Tortafuller · wall_segment Palisade Wall x5 |
| 12:18 | DS_Tortafuller · first_building Archery Range |
| 12:50 | ugu · first_market_sell 100 wood |
| 13:06 | DS_Tortafuller · wall_segment Palisade Wall x4 |
| 15:11 | ugu · first_market_buy 100 stone |
| 15:20 | DS_Tortafuller · wall_segment Palisade Wall x1 |
| 15:21 | DS_Tortafuller · wall_segment Palisade Wall x1 |
| 15:21 | DS_Tortafuller · wall_segment Palisade Wall x1 |
| 15:22 | DS_Tortafuller · wall_segment Palisade Wall x1 |
| 15:23 | DS_Tortafuller · wall_segment Palisade Wall x1 |
| 15:33 | ugu · age_up castle |
| 15:47 | DS_Tortafuller · wall_segment Palisade Wall x2 |
| 15:54 | DS_Tortafuller · wall_segment Stone Wall x16 |
| 15:54 | ugu · first_building Castle |
| 16:17 | DS_Tortafuller · wall_segment Palisade Wall x1 |
| 17:49 | DS_Tortafuller · wall_segment Stone Wall x8 |
| 18:06 | DS_Tortafuller · wall_segment Stone Wall x1 |
| 18:08 | DS_Tortafuller · wall_segment Stone Wall x1 |
| 18:08 | DS_Tortafuller · wall_segment Stone Wall x1 |
| 18:08 | DS_Tortafuller · wall_segment Stone Wall x1 |
| 19:28 | DS_Tortafuller · wall_segment Palisade Wall x1 |
| 20:25 | DS_Tortafuller · wall_segment Palisade Wall x2 |
| 22:11 | DS_Tortafuller · wall_segment Palisade Wall x1 |
| 23:07 | DS_Tortafuller · first_market_buy 100 food |
| 23:10 | DS_Tortafuller · first_market_sell 100 wood |
| 24:48 | ugu · first_building Siege Workshop |
| 27:39 | DS_Tortafuller · wall_segment Stone Wall x1 |
| 29:23 | DS_Tortafuller · age_up castle |
| 29:29 | DS_Tortafuller · first_building Siege Workshop |
| 30:18 | ugu · first_building Monastery |
| 35:10 | DS_Tortafuller · first_building Castle |
| 40:25 | DS_Tortafuller · age_up imperial |
| 40:50 | ugu · age_up imperial |
| 45:29 | ugu · first_building Barracks |
| 45:42 | DS_Tortafuller · resign |
[ AI ANALYSIS · 1 CREDIT ]
What really happened in this match?
Wolo.gg analyzes every decision: build order, eco, micro, common mistakes by bracket. Personalized analysis on WhatsApp or Discord in 30 seconds.
Civ guide
Hindustanis
Perfil
Jugador #5540767